PAAA
SUNSET DISTRICT FOG @ BAKERSFIELD NOBLES
05/30/2025
 
TOP OF THE 1ST
Sunset District Fog batting - Pitching for Bakersfield Nobles : LHP Bernie Sanders
Pitching: LHP Bernie Sanders
Batting: RHB Reginald Kalkman 0-0: Ball
1-0: Foul Ball, location: 2F
1-1: Ball
2-1: Swinging Strike
2-2: Ball
3-2: Foul Ball, location: 2F
3-2: Base on Balls
Batting: RHB Jim Lee 0-0: Ball
1-0: Ball
2-0: Ball
3-0: Called Strike
3-1: Base on Balls
Reginald Kalkman to second
Batting: RHB Simon Yusaf Khel 0-0: Ball
1-0: Called Strike
1-1: Foul Ball, location: 2F
1-2: Foul Ball, location: 2F
1-2: Strikes out swinging
Batting: RHB Manuel Rodríguez 0-0: Ball
1-0: Grounds into double play, 6-4-3 (Groundball, 6)
Top of the 1st over - 0 run(s), 0 hit(s), 0 error(s), 1 left on base; Sunset District 0 - Bakersfield 0
BOTTOM OF THE 1ST
Bakersfield Nobles batting - Pitching for Sunset District Fog : RHP Carlos Martínez
Pitching: RHP Carlos Martínez
Batting: RHB Miguel Márquez 0-0: Ball
1-0: Ball
2-0: Ball
3-0: Called Strike
3-1: Base on Balls
Batting: RHB Lloyd Alberink 0-0: Swinging Strike
0-1: Ball
1-1: Ball
2-1: Ball
3-1: Reached on error, E6 (Groundball, 6)
Miguel Márquez to second
Batting: RHB Arlen Joysey 0-0: Ball
1-0: Called Strike
1-1: Ball
2-1: Fly out, F7 (Flyball, 78XD)
Runner from 2nd tags up, SAFE at 3rd, no throw
Batting: LHB Mike Russell 0-0: Fly out, F9 (Flyball, 89M)
Runner from 3rd tags up, SCORES, no throw
Batting: SHB Stephen Dowell 0-0: Called Strike
Lloyd Alberink steals 2nd base
0-1: Foul Ball, location: 2F
0-2: Ball
1-2: Strikes out looking
Bottom of the 1st over - 1 run(s), 0 hit(s), 1 error(s), 1 left on base; Sunset District 0 - Bakersfield 1
TOP OF THE 2ND
Sunset District Fog batting - Pitching for Bakersfield Nobles : LHP Bernie Sanders
Batting: LHB Pedro Tapia 0-0: Foul Ball, location: 2F
0-1: Called Strike
0-2: Ball
1-2: Strikes out looking
Batting: RHB José Vargas 0-0: Ball
1-0: Ball
2-0: Foul Ball, location: 2F
2-1: Ball
3-1: Foul Ball, location: 2F
3-2: Strikes out swinging
Batting: SHB Albert Sánchez 0-0: Foul Ball, location: 2F
0-1: Ball
1-1: Swinging Strike
1-2: Foul Ball, location: 2F
1-2: Fly out, F8 (Flyball, 8RD)
Top of the 2nd over - 0 run(s), 0 hit(s), 0 error(s), 0 left on base; Sunset District 0 - Bakersfield 1
BOTTOM OF THE 2ND
Bakersfield Nobles batting - Pitching for Sunset District Fog : RHP Carlos Martínez
Batting: RHB Mario Blanco 0-0: Ball
1-0: Called Strike
1-1: Ball
2-1: Called Strike
2-2: SINGLE (Groundball, 56D)
Batting: RHB Bill Taylor 0-0: Called Strike
0-1: Ball
1-1: Ball
2-1: Swinging Strike
2-2: Foul Ball, location: 2F
2-2: Ball
3-2: Foul Ball, location: 2F
3-2: Base on Balls
Mario Blanco to second
Batting: LHB Markus Richardson 0-0: SINGLE (Line Drive, 9S)
Mario Blanco to third
Bill Taylor to second
Runner from 3rd tries for Home, SAFE, no throw
Batting: RHB Arnie Latham 0-0: Called Strike
0-1: Ball
1-1: Foul Ball, location: 2F
1-2: Strikes out looking
Batting: RHB Miguel Márquez 0-0: Called Strike
0-1: Ball
1-1: Called Strike
1-2: Foul Ball, location: 2F
1-2: Fly out, F8 (Flyball, 8LD)
Runner from 2nd tags up, SAFE at 3rd, no throw
Batting: RHB Lloyd Alberink 0-0: Ball
1-0: Swinging Strike
1-1: Called Strike
1-2: Ball
2-2: SINGLE (Line Drive, 8RS)
Bill Taylor scores
Markus Richardson to second
Batting: RHB Arlen Joysey 0-0: Ball
1-0: Ball
2-0: Ball
3-0: Base on Balls
Markus Richardson to third
Lloyd Alberink to second
Batting: LHB Mike Russell 0-0: Swinging Strike
0-1: Ball
1-1: Fly out, F8 (Flyball, 8LM)
Bottom of the 2nd over - 2 run(s), 3 hit(s), 0 error(s), 3 left on base; Sunset District 0 - Bakersfield 3
TOP OF THE 3RD
Sunset District Fog batting - Pitching for Bakersfield Nobles : LHP Bernie Sanders
Batting: RHB Ricardo Téllez 0-0: Ball
1-0: Fly out, F7 (Flyball, 78M)
Batting: LHB Bryce Reilly 0-0: Ball
1-0: Foul Ball, location: 2F
1-1: Swinging Strike
1-2: Ball
2-2: Strikes out looking
Batting: RHB Reginald Kalkman 0-0: Called Strike
0-1: Ball
1-1: Fly out, F8 (Flyball, 8LM)
Top of the 3rd over - 0 run(s), 0 hit(s), 0 error(s), 0 left on base; Sunset District 0 - Bakersfield 3
BOTTOM OF THE 3RD
Bakersfield Nobles batting - Pitching for Sunset District Fog : RHP Carlos Martínez
Batting: SHB Stephen Dowell 0-0: Called Strike
0-1: Swinging Strike
0-2: Ball
1-2: SINGLE (Groundball, 6D)
Batting: RHB Mario Blanco 0-0: Called Strike
0-1: Ball
1-1: Foul Ball, location: 2F
1-2: Ball
2-2: Strikes out swinging
Batting: RHB Bill Taylor 0-0: Called Strike
0-1: Swinging Strike
0-2: Ground out 5-3 (Groundball, 56S)
Stephen Dowell to second
Batting: LHB Markus Richardson 0-0: SINGLE (Groundball, 6MD)
Stephen Dowell to third
Runner from 3rd tries for Home, SAFE, throw made home
Markus Richardson to second
Batting: RHB Arnie Latham 0-0: Called Strike
0-1: Ball
1-1: Swinging Strike
1-2: Ground out U3 (Groundball, 34)
Bottom of the 3rd over - 1 run(s), 2 hit(s), 0 error(s), 1 left on base; Sunset District 0 - Bakersfield 4
TOP OF THE 4TH
Sunset District Fog batting - Pitching for Bakersfield Nobles : LHP Bernie Sanders
Batting: RHB Jim Lee 0-0: Swinging Strike
0-1: Swinging Strike
0-2: Ball
1-2: Fly out, F8 (Flyball, 89XD)
Batting: RHB Simon Yusaf Khel 0-0: Ball
1-0: Fly out, F9 (Flyball, 9S)
Batting: RHB Manuel Rodríguez 0-0: Foul Ball, location: 2F
0-1: Foul Ball, location: 2F
0-2: Ball
1-2: Reached on error, E5 (Groundball, 5)
Batting: LHB Pedro Tapia 0-0: Called Strike
0-1: Foul Ball, location: 2F
0-2: Strikes out swinging
Top of the 4th over - 0 run(s), 0 hit(s), 1 error(s), 1 left on base; Sunset District 0 - Bakersfield 4
BOTTOM OF THE 4TH
Bakersfield Nobles batting - Pitching for Sunset District Fog : RHP Carlos Martínez
Batting: RHB Miguel Márquez 0-0: Ball
1-0: Swinging Strike
1-1: Swinging Strike
1-2: Strikes out looking
Batting: RHB Lloyd Alberink 0-0: Swinging Strike
0-1: Swinging Strike
0-2: Strikes out swinging
Batting: RHB Arlen Joysey 0-0: Called Strike
0-1: Swinging Strike
0-2: Foul Ball, location: 2F
0-2: Strikes out swinging
Bottom of the 4th over - 0 run(s), 0 hit(s), 0 error(s), 0 left on base; Sunset District 0 - Bakersfield 4
TOP OF THE 5TH
Sunset District Fog batting - Pitching for Bakersfield Nobles : LHP Bernie Sanders
Batting: RHB José Vargas 0-0: Ball
1-0: Ball
2-0: SINGLE (Flyball, 8RS)
Batting: SHB Albert Sánchez 0-0: Foul Ball, location: 2F
0-1: Ball
1-1: Ball
2-1: Grounds into double play, 6-4-3 (Groundball, 6)
Batting: RHB Ricardo Téllez 0-0: Ball
1-0: Ball
2-0: SINGLE (Line Drive, 78S)
Pitching: LHP Juan Méndez
Batting: LHB Bryce Reilly 0-0: Swinging Strike
0-1: Foul Ball, location: 2F
0-2: Foul Ball, location: 2F
0-2: TRIPLE (Flyball, 78XD)
Ricardo Téllez scores
Batting: RHB Reginald Kalkman 0-0: Ball
1-0: Ball
2-0: Ball
3-0: Base on Balls
Batting: RHB Jim Lee 0-0: Ball
Throwing error on steal attempt, E2
Bryce Reilly scores
Reginald Kalkman to third
1-0: Called Strike
1-1: Ground out 4-3 (Groundball, 4)
Top of the 5th over - 2 run(s), 3 hit(s), 1 error(s), 1 left on base; Sunset District 2 - Bakersfield 4
BOTTOM OF THE 5TH
Bakersfield Nobles batting - Pitching for Sunset District Fog : RHP Carlos Martínez
Batting: LHB Mike Russell 0-0: Called Strike
0-1: Foul Ball, location: 2F
0-2: Ball
1-2: Ground out U3 (Groundball, 3)
Batting: SHB Stephen Dowell 0-0: Foul Ball, location: 2F
0-1: Fly out, F9 (Flyball, 9LD)
Batting: RHB Mario Blanco 0-0: Ball
1-0: Ball
2-0: Called Strike
2-1: Foul Ball, location: 2F
2-2: Ball
3-2: Strikes out looking
Bottom of the 5th over - 0 run(s), 0 hit(s), 0 error(s), 0 left on base; Sunset District 2 - Bakersfield 4
TOP OF THE 6TH
Sunset District Fog batting - Pitching for Bakersfield Nobles : LHP Juan Méndez
Batting: RHB Simon Yusaf Khel 0-0: Ball
1-0: Called Strike
1-1: Called Strike
1-2: Ball
2-2: Ground out 6-3 (Groundball, 6M)
Batting: RHB Manuel Rodríguez 0-0: Called Strike
0-1: Ball
1-1: Ball
2-1: Ground out 5-3 (Groundball, 56)
Batting: LHB Pedro Tapia 0-0: Ball
1-0: Foul Ball, location: 2F
1-1: Swinging Strike
1-2: Foul Ball, location: 2F
1-2: Strikes out looking
Top of the 6th over - 0 run(s), 0 hit(s), 0 error(s), 0 left on base; Sunset District 2 - Bakersfield 4
BOTTOM OF THE 6TH
Bakersfield Nobles batting - Pitching for Sunset District Fog : RHP Carlos Martínez
Batting: RHB Bill Taylor 0-0: Foul Ball, location: 2F
0-1: Swinging Strike
0-2: Ball
1-2: SINGLE (Groundball, 6MD)
Batting: LHB Markus Richardson 0-0: Sac Bunt - play at first, batter safe!
Bill Taylor to second
Batting: RHB Arnie Latham 0-0: Sac Bunt - play at first, batter safe!
Bill Taylor to third
Markus Richardson to second
Pitching: RHP José Caballero
Batting: RHB Miguel Márquez 0-0: Ball
1-0: Ball
2-0: Called Strike
2-1: SINGLE (Groundball, 4) (infield hit)
Bill Taylor scores
Markus Richardson to third
Arnie Latham to second
Batting: RHB Lloyd Alberink 0-0: SINGLE (Groundball, 4MD)
Markus Richardson scores
Arnie Latham to third
Miguel Márquez to second
Runner from 3rd tries for Home, throw and OUT!
Miguel Márquez to third
Lloyd Alberink to second
Batting: RHB Arlen Joysey 0-0: Ball
1-0: Ball
2-0: Called Strike
2-1: Foul Ball, location: 2F
2-2: Strikes out swinging
Batting: LHB Mike Russell 0-0: Foul Ball, location: 2F
0-1: SINGLE (Groundball, 6D)
Miguel Márquez scores
Lloyd Alberink to third
Runner from 3rd tries for Home, SAFE, no throw
Batting: SHB Stephen Dowell 0-0: Called Strike
0-1: Ball
Mike Russell is caught stealing 2nd base
Bottom of the 6th over - 4 run(s), 6 hit(s), 0 error(s), 0 left on base; Sunset District 2 - Bakersfield 8
TOP OF THE 7TH
Sunset District Fog batting - Pitching for Bakersfield Nobles : LHP Juan Méndez
Batting: RHB José Vargas 0-0: Foul Ball, location: 2F
0-1: Ball
1-1: Ground out 6-3 (Groundball, 6)
Batting: SHB Albert Sánchez 0-0: Ball
1-0: Foul Ball, location: 2F
1-1: Called Strike
1-2: Ball
2-2: Fly out, F9 (Flyball, 9LS)
Batting: RHB Ricardo Téllez 0-0: Called Strike
0-1: Swinging Strike
0-2: Strikes out swinging
Top of the 7th over - 0 run(s), 0 hit(s), 0 error(s), 0 left on base; Sunset District 2 - Bakersfield 8
BOTTOM OF THE 7TH
Bakersfield Nobles batting - Pitching for Sunset District Fog : RHP José Caballero
Batting: SHB Stephen Dowell 0-0: Ball
1-0: Called Strike
1-1: Fly out, F8 (Flyball, 89D)
Batting: RHB Mario Blanco 0-0: Ball
1-0: Ball
2-0: Ball
3-0: Called Strike
3-1: Base on Balls
Batting: RHB Bill Taylor 0-0: Ball
Mario Blanco steals 2nd base
1-0: Ball
2-0: Ball
3-0: Base on Balls
Batting: LHB Markus Richardson 0-0: Called Strike
0-1: Ball
1-1: SINGLE (Groundball, 3) (infield hit)
Mario Blanco to third
Bill Taylor to second
Batting: RHB Arnie Latham 0-0: Ball
1-0: Ball
2-0: Foul Ball, location: 2F
2-1: Ball
3-1: Called Strike
3-2: Base on Balls
Mario Blanco scores
Bill Taylor to third
Markus Richardson to second
Pitching: LHP Ángelo Méndez
Batting: RHB Miguel Márquez 0-0: Called Strike
0-1: Foul Ball, location: 2F
0-2: Foul Ball, location: 2F
0-2: Strikes out looking
Batting: RHB Lloyd Alberink 0-0: Foul Ball, location: 2F
0-1: Swinging Strike
0-2: Ball
1-2: Strikes out looking
Bottom of the 7th over - 1 run(s), 1 hit(s), 0 error(s), 3 left on base; Sunset District 2 - Bakersfield 9
TOP OF THE 8TH
Sunset District Fog batting - Pitching for Bakersfield Nobles : LHP Juan Méndez
Batting: LHB Bryce Reilly 0-0: Swinging Strike
0-1: Ball
1-1: Fly out, F8 (Flyball, 8RD)
Batting: RHB Reginald Kalkman 0-0: Called Strike
0-1: Ball
1-1: Called Strike
1-2: Foul Ball, location: 2F
1-2: SINGLE (Groundball, 6MD)
Batting: RHB Jim Lee 0-0: Ball
1-0: Called Strike
1-1: Foul Ball, location: 2F
1-2: Grounds into double play, 4-6-3 (Groundball, 4)
Top of the 8th over - 0 run(s), 1 hit(s), 0 error(s), 0 left on base; Sunset District 2 - Bakersfield 9
BOTTOM OF THE 8TH
Bakersfield Nobles batting - Pitching for Sunset District Fog : LHP Ángelo Méndez
Batting: RHB Arlen Joysey 0-0: Called Strike
0-1: Ball
1-1: Ball
2-1: Ball
3-1: Foul Ball, location: 2F
3-2: Fly out, F9 (Flyball, 9S)
Batting: LHB Mike Russell 0-0: Ball
1-0: Ball
2-0: Ground out 4-3 (Groundball, 4)
Batting: SHB Stephen Dowell 0-0: Ball
1-0: Hit by Pitch
Batting: RHB Mario Blanco 0-0: Fly out, F2 (Popup, 25)
Bottom of the 8th over - 0 run(s), 0 hit(s), 0 error(s), 1 left on base; Sunset District 2 - Bakersfield 9
TOP OF THE 9TH
Sunset District Fog batting - Pitching for Bakersfield Nobles : LHP Juan Méndez
Batting: RHB Simon Yusaf Khel 0-0: Ball
1-0: Called Strike
1-1: Fly out, F8 (Flyball, 8LD)
Batting: RHB Manuel Rodríguez 0-0: Ball
1-0: Fly out, F8 (Flyball, 8RD)
Batting: LHB Pedro Tapia 0-0: Ball
1-0: Ball
2-0: Called Strike
2-1: Ball
3-1: Ground out 4-3 (Groundball, 34)
Top of the 9th over - 0 run(s), 0 hit(s), 0 error(s), 0 left on base; Sunset District 2 - Bakersfield 9
Friday, December 30th, 2016 - OOTP Baseball 17.12 Build 75